 Dungeon Crawl Stone Soup version 0.21-a0-584-g185da8e (webtiles) character file.

12397 Amnesiac the Martial Artist (level 11, -1/77 HPs)
             Began as an Octopode Transmuter on Dec 20, 2017.
             Was a High Priest of Okawaru.
             Slain by a chaos spawn (18 damage)
             ... on level 11 of the Dungeon.
             The game lasted 00:26:52 (13622 turns).

Amnesiac the Martial Artist (Octopode Transmuter)  Turns: 13622, Time: 00:26:53

Health: -1/77      AC:  2    Str: 16    XL:     11   Next: 92%
Magic:  22/24      EV: 31    Int: 15    God:    Okawaru [*****.]
Gold:   792        SH:  5    Dex: 22    Spells: 5/14 levels left

rFire    + + .     SeeInvis .     - Unarmed
rCold    . . .     Gourm    .   (shield currently unavailable)
rNeg     . . .     Faith    .   (helmet currently unavailable)
rPois    .         Spirit   .   i - +5 amulet of reflection
rElec    .         Reflect  +   d - ring of wizardry
rCorr    .         Harm     .   Q - ring of protection from fire
MR       +....                  z - ring of magical power
Stlth    ++........             D - ring of protection from magic
HPRegen  0.22/turn              N - ring "Typpyfeg" {EV+1 Str+5 Dex+2}
MPRegen  0.19/turn              E - ring of protection from fire
                                S - ring of wizardry
                                u - ring "Pyez" {rPois EV+1}

@: spider-form
A: tiny, almost no armour, stealthy swim, (amphibious), 8 rings, (constrict 8)
a: End Transformation, Heroism, Finesse, Renounce Religion


You were on level 11 of the Dungeon.
You worshipped Okawaru.
Okawaru was extremely pleased with you.
You were not hungry.
You were a venomous arachnid creature.
You visited 2 branches of the dungeon, and saw 12 of its levels.
You also visited: Labyrinth and Ossuary.

You collected 792 gold pieces.

Inventory:

Hand Weapons
 b - a +0 blowgun
 Z - a +0 shortbow of flaming
Missiles
 a - 218 arrows
 f - 42 poisoned needles
 k - 4 exploding tomahawks (quivered)
 I - a throwing net
 M - 2 curare-tipped needles
Armour
 C - a +2 hat (melded)
Jewellery
 d - a ring of wizardry (left front leg)
 i - a +5 amulet of reflection (around neck)
 n - an uncursed ring of flight
 u - the ring "Pyez" (on tentacle) {rPois EV+1}
   (You found it in a labyrinth)

   [ring of evasion]

   It affects your evasion (+1).
   It protects you from poison.
 z - a ring of magical power (on tentacle)
 D - a ring of protection from magic (on tentacle)
 E - a ring of protection from fire (on tentacle)
 N - the ring "Typpyfeg" (on tentacle) {EV+1 Str+5 Dex+2}
   (You found it in a labyrinth)

   [ring of evasion]

   It affects your evasion (+1).
   It affects your strength (+5).
   It affects your dexterity (+2).
 Q - a ring of protection from fire (right front leg)
 S - a ring of wizardry (on tentacle)
Wands
 e - a wand of paralysis (30)
 A - a wand of iceblast (8)
 F - a wand of flame (18)
 K - a wand of disintegration (16)
 L - a wand of digging (12)
 O - a wand of polymorph (12)
Scrolls
 l - 7 scrolls of teleportation {!r}
 o - 2 scrolls of fear {!r}
 w - 5 scrolls of remove curse {!r}
 x - a scroll of blinking {!r}
 G - a scroll of magic mapping {!r}
 T - a scroll of identify {!r}
Potions
 g - 3 potions of agility {!q}
 h - 3 potions of curing {!q}
 j - a potion of heal wounds {!q}
 p - 3 potions of haste {!q}
 q - 4 potions of brilliance {!q}
 r - a potion of mutation {!q}
 s - 4 potions of might {!q}
 t - 2 potions of lignification {!q}
 v - a potion of resistance {!q}
 B - 2 potions of cancellation {!q}
 H - a potion of magic {!q}
 J - a potion of berserk rage {!q}
 P - a potion of invisibility {!q}
Books
 y - a book of Annihilations

   Spells                             Type                      Level
   a - Poison Arrow                   Conjuration/Poison           6
   b - Chain Lightning                Conjuration/Air              8
   c - Lehudib's Crystal Spear        Conjuration/Earth            8
   d - Glaciate                       Conjuration/Ice              9
   e - Fire Storm                     Conjuration/Fire             9
 U - a book of Transfigurations

   Spells                             Type                      Level
   a - Irradiate                      Conjuration/Transmutation    5
   b - Statue Form                    Transmutation/Earth          6
   c - Hydra Form                     Transmutation                6
   d - Dragon Form                    Transmutation                7
 V - a book of Callings

   Spells                             Type                      Level
   a - Summon Small Mammal            Summoning                    1
   b - Call Imp                       Summoning                    2
   c - Call Canine Familiar           Summoning                    3
   d - Summon Guardian Golem          Hexes/Summoning              3
   e - Summon Lightning Spire         Summoning/Air                4
   f - Summon Ice Beast               Ice/Summoning                4
 X - the Tome of Burning Self-Knowledge
   (You found it in a labyrinth)

   Spells                             Type                      Level
   a - Flame Tongue                   Conjuration/Fire             1
   b - Song of Slaying                Charms                       2
   c - Inner Flame                    Hexes/Fire                   3
   d - Bolt of Magma                  Conjuration/Fire/Earth       5
   e - Bolt of Fire                   Conjuration/Fire             6
Miscellaneous
 R - a phantom mirror
Comestibles
 c - 15 rations
 m - 9 chunks of flesh


   Skills:
 + Level 8.2 Fighting
 + Level 8.2 Dodging
 * Level 11.5 Unarmed Combat
 - Level 2.0 Spellcasting
 + Level 8.2 Transmutations
 + Level 6.3 Invocations


You had 5 spell levels left.
You knew the following spells:

 Your Spells              Type           Power        Failure   Level  Hunger
b - Sticks to Snakes      Tmut           ####....     1%          2    ###....
c - Ice Form              Ice/Tmut       ##......     21%         4    #####..
e - Spider Form           Tmut/Pois      ##........   8%          3    ###....


Dungeon Overview and Level Annotations

Branches:
Dungeon (11/15)            Temple (1/1) D:7            Lair (0/6) D:10
    Orc (0/2) D:9

Altars:
Ashenzari
Cheibriados
Dithmenos
Fedhas
Gozag
Hepliaklqana
Kikubaaqudgha
Makhleb
Nemelex Xobeh
Okawaru
Ru
Sif Muna
Trog
Uskayaw
Vehumet
Xom
Yredelemnul
Zin
The Shining One

Shops:
D:4 *

Annotations:
D:8 exclusion: oklob plant


Innate Abilities, Weirdness & Mutations

You cannot wear most types of armour.
You are very stealthy in the water. (Stealth+)
((You are amphibious.))
You can wear up to eight rings at the same time.
((You can use your tentacles to constrict eight enemies at once.))
((Your skin changes colour to match your surroundings (Stealth+).))
((Your rubbery body absorbs attacks. (AC +1, EV +1)))


Message History

The yak is lightly wounded.
You punch the yak! You freeze the yak.
The yak is severely wounded.
You block the yak's attack.
You punch the yak! You freeze the yak.
You kill the yak!
Okawaru accepts your kill.
You see here a yak corpse.
You butcher the yak corpse.
m - 8 chunks of flesh (gained 6)
m - 9 chunks of flesh (gained 1)
Things that are here:
an enchanted great sword; a robe; a hound skeleton A worker ant comes into view.
There isn't anything to butcher here.
Found 7 gold pieces.
Found an escape hatch in the ceiling.
A chaos spawn comes into view.
Found a scroll of identify.
Found a shimmering altar of Xom.
The worker ant twitches its antennae in your direction.
Found a wand of paralysis (3).
The worker ant barely misses you.
Found the +5 mace of Variability {chaos}.
You pummel the worker ant!! You freeze the worker ant.
You kill the worker ant!
Okawaru accepts your kill.
You closely miss the chaos spawn.
Your transformation is almost over.
The chaos spawn closely misses you.
You pummel the chaos spawn!! You freeze the chaos spawn.
The chaos spawn is almost dead.
You hear a shout!
The chaos spawn closely misses you.
You punch the chaos spawn! You freeze the chaos spawn.
You kill the chaos spawn!
Okawaru accepts your kill.
The chaos spawn degenerates into a cloud of primal chaos!
A chaos spawn comes into view.
There is a fountain of sparkling water here.
You see here 7 gold pieces.
There is a fountain of blood here.
You closely miss the chaos spawn. The chaos spawn closely misses you.
You barely miss the chaos spawn. The chaos spawn misses you.
You hit the chaos spawn but do no damage.
You closely miss the chaos spawn.
You warm up again.
The chaos spawn hits you!
* * * LOW HITPOINT WARNING * * *
The chaos spawn freezes you!
* * * LOW HITPOINT WARNING * * *
Casting: Ice Form
Confirm with . or Enter, or press ? or * to list all spells.
You turn into a venomous arachnid creature.
The chaos spawn splatters into many small globs of multi-coloured light, then recombines.
The chaos spawn closely misses you.
You hit the chaos spawn but do no damage.
The chaos spawn is poisoned.
The chaos spawn misses you.
You barely miss the chaos spawn. The chaos spawn completely misses you.
You bite the chaos spawn!
The chaos spawn looks as sick as possible!
The chaos spawn is heavily wounded.
You see here 7 gold pieces.
There is a fountain of sparkling water here.
The chaos spawn gores you!!
You die...

##h##.# #Y##.#
#.##.##
##.....######
#........)...######
#.####).####......#
#. #..####.#.##.##
# #.............#
#...⌠.#.s##.#.#
....⌠.⌠.4..#♣.#
###...'...⌠....##
#...≈.#<.$/...#
.?..§#.)._≈⌠...#
##..8⌠...##.#..#
#..≈.≈≈⌠..'♣..#
#..8..#....∩ .#
..⌠≈...≈88..


You could see a chaos spawn.

Vanquished Creatures
  Gastronok (D:8)
  A minotaur (Lab)
  Erolcha (D:9)
  A two-headed ogre (D:10)
  Maurice (D:9)
  A hornet (D:9)
  5 hippogriffs
  16 yaks
  3 wyverns
  2 chaos spawn (D:11)
  2 black bears
  3 orc warriors
  4 sky beasts
  An ice beast (D:10)
  2 ogres
  5 centaurs
  3 big kobolds
  3 bullfrogs
  7 scorpions
  9 killer bees (D:10)
  A wight (D:11)
  A howler monkey (D:9)
  2 crimson imps (D:7)
  A bullfrog zombie (D:6)
  A centaur zombie (D:10)
  10 orc priests
  5 hounds
  6 orc wizards
  2 bullfrog skeletons
  3 centaur skeletons
  4 iguanas
  5 worker ants
  A killer bee zombie (D:5)
  2 hound zombies
  2 hound skeletons
  8 mummies (Ossuary)
  11 gnolls
  11 adders
  A shadow imp (D:7)
  An adder zombie (D:5)
  3 worms (D:3)
  5 dart slugs
  5 leopard geckos
  39 orcs
  9 giant cockroaches
  13 goblins
  7 hobgoblins
  11 jackals
  17 kobolds
  4 quokkas
  7 bats
  4 frilled lizards
  2 hobgoblin zombies (Ossuary)
  3 kobold zombies (Ossuary)
  A leopard gecko skeleton (D:4)
  2 leopard gecko zombies (D:6)
  3 orc zombies (Ossuary)
  A quokka skeleton (D:8)
  A quokka zombie (D:9)
  5 rats
291 creatures vanquished.

Vanquished Creatures (collateral kills)
  An orc (D:6)
1 creature vanquished.

Grand Total: 292 creatures vanquished

Notes
Turn   | Place    | Note
-------+----------+-------------------------------------------
     0 | D:1      | Amnesiac the Octopode Transmuter began the quest for the Orb.
     0 | D:1      | Reached XP level 1. HP: 13/13 MP: 3/3
    50 | D:1      | Reached XP level 2. HP: 3/19 MP: 5/5
    54 | D:1      | Learned a level 2 spell: Sticks to Snakes
  1211 | D:1      | Reached XP level 3. HP: 24/24 MP: 6/6
  1354 | D:2      | Learned a level 3 spell: Spider Form
  1354 | D:2      | Found a shattered altar of Ashenzari.
  1389 | D:2      | Reached XP level 4. HP: 26/30 MP: 5/7
  1586 | D:2      | HP: 1/30 [poisoned by an adder]
  1812 | D:2      | Found a shadowy altar of Dithmenos.
  1947 | D:2      | Reached skill level 4 in Unarmed Combat
  2017 | D:2      | Found a glowing silver altar of Zin.
  2080 | D:3      | Reached XP level 5. HP: 13/35 MP: 8/8
  2315 | D:3      | Found a snail-covered altar of Cheibriados.
  2679 | D:3      | Found an opulent altar of Gozag.
  2814 | D:3      | Reached XP level 6. HP: 27/42 MP: 9/9
  3302 | D:4      | Found a sand-covered staircase.
  3308 | D:4      | Reached skill level 5 in Unarmed Combat
  3325 | Ossuary  | Entered an ossuary
  3672 | Ossuary  | Reached XP level 7. HP: 40/46 MP: 10/10
  3892 | D:4      | Found Kivoqov's Elemental Accessories.
  4142 | D:5      | Entered Level 5 of the Dungeon
  4857 | D:5      | Found a shimmering altar of Xom.
  5248 | D:5      | Found a sparkling altar of Nemelex Xobeh.
  5816 | D:6      | Learned a level 4 spell: Ice Form
  5863 | D:6      | Reached skill level 6 in Unarmed Combat
  5863 | D:6      | Reached XP level 8. HP: 39/54 MP: 11/11
  7018 | D:7      | Noticed a hippogriff
  7477 | D:7      | Reached skill level 7 in Unarmed Combat
  7505 | D:7      | Found a staircase to the Ecumenical Temple.
  7559 | D:8      | Found a glowing golden altar of the Shining One.
  7559 | D:8      | Noticed an oklob plant
  7625 | D:8      | Found a hide-covered altar of Uskayaw.
  7634 | D:8      | Reached skill level 5 in Fighting
  7679 | D:8      | Reached skill level 5 in Dodging
  7679 | D:8      | Reached skill level 5 in Transmutations
  7804 | D:8      | Noticed a hippogriff
  7817 | D:8      | Killed a hippogriff
  7817 | D:8      | Reached XP level 9. HP: 24/61 MP: 12/12
  8215 | Temple   | Entered the Ecumenical Temple
  8299 | Temple   | Became a worshipper of Warmaster Okawaru
  8362 | D:7      | Reached skill level 8 in Unarmed Combat
  8445 | D:7      | Reached skill level 1 in Invocations
  8937 | D:8      | Noticed Gastronok
  9265 | D:8      | Reached * piety under Okawaru
  9284 | D:8      | Found a sacrificial altar of Ru.
  9917 | D:8      | You fall through a shaft for 2 floors!
  9917 | D:10     | Entered Level 10 of the Dungeon
 10104 | D:9      | Reached skill level 9 in Unarmed Combat
 10111 | D:9      | Reached XP level 10. HP: 30/68 MP: 13/13
 10362 | D:8      | Found a sacrificial altar of Ru.
 10545 | D:8      | HP: 3/68 [Gastronok/the air (40)]
 10582 | D:8      | Killed Gastronok
 10582 | D:8      | Reached ** piety under Okawaru
 10880 | D:9      | Noticed Maurice
 10882 | D:9      | Noticed Erolcha
 10969 | D:9      | Reached *** piety under Okawaru
 10984 | D:9      | Killed Maurice
 10998 | D:9      | Found a staircase to the Orcish Mines.
 11009 | D:9      | Reached skill level 10 in Unarmed Combat
 11120 | D:9      | Killed Erolcha
 11322 | D:9      | Reached XP level 11. HP: 75/75 MP: 14/14
 11326 | D:9      | Reached **** piety under Okawaru
 11434 | D:9      | Found an iron altar of Okawaru.
 11477 | D:9      | Reached skill level 5 in Invocations
 11835 | D:10     | Found a staircase to the Lair.
 12489 | D:10     | Reached ***** piety under Okawaru
 12500 | D:10     | Reached skill level 11 in Unarmed Combat
 12872 | D:10     | Noticed a two-headed ogre
 12881 | D:10     | Killed a two-headed ogre
 13045 | D:11     | Found a labyrinth entrance.
 13106 | Lab      | Entered a labyrinth
 13291 | Lab      | Noticed a minotaur
 13390 | Lab      | Killed a minotaur
 13390 | Lab      | Received a gift from Okawaru
 13482 | Lab      | Identified the Tome of Burning Self-Knowledge
 13483 | Lab      | Got a crude bone ring
 13483 | Lab      | Got a vibrating wooden ring
 13487 | D:11     | Identified the ring "Pyez" {rPois EV+1} (You found it in a labyrinth)
 13489 | D:11     | Identified the ring "Typpyfeg" {EV+1 Str+5 Dex+2} (You found it in a labyrinth)
 13599 | D:11     | Found a shimmering altar of Xom.
 13602 | D:11     | Found the +5 mace of Variability {chaos}
 13622 | D:11     | Slain by a chaos spawn

Vault maps used:
D:1:      dpeg_arrival_tiny_a
D:2:      nicolae_overflow_hidden_temple, lemuel_crystal_altar,
          grunt_dithmenos_smoke
D:3:      cheibriados_altar_1, grunt_gozag_breadcrumbs
D:4:      chequers_ossuary_entry_cave, nicolae_elemental_shop
D:5:      basic_altar, first_ration, minmay_parallelograms,
          nemelex_spade_bored_becter
D:6:      minivault_25
D:7:      minmay_temple_entry_from_below_a, grunt_ogre_cave,
          minmay_misc_feat_ornament
D:8:      old_standard_altar, eat_drink_and_be_merry_uskayaw,
          lemuel_oklob_altar, uniq_gastronok
D:9:      orc_0_dummy, okawaru_metal_pillars_1_2, uniq_maurice, uniq_erolcha
D:10:     lair_entry_dummy
D:11:     serial_shops, shop, lab_entry_generic, minmay_misc_feat_tower,
          minmay_guarded_unrand_variability
Temple:   eino_temple_rhombus
Lab:      labyrinth_fake_exit, labyrinth_skeletal_remains, nicolae_lab_garden
Ossuary:  ossuary_tomb_3

Skill      XL: |  1  2  3  4  5  6  7  8  9 10 11 |
---------------+----------------------------------+-----
Fighting       | 2 3 4 5 6 7 8 |  8.2
Unarmed Combat | 4 5 6 7 9 10 11 | 11.5
Transmutations | 3 4 5 6 7 8 |  8.2
Dodging        | 3 4 5 6 7 8 |  8.2
Invocations    | 2 4 6 |  6.3
Spellcasting   | |  2.0

Action                   |  1- 3 |  4- 6 |  7- 9 | 10-12 || total
-------------------------+-------+-------+-------+-------++-------
Melee: Unarmed           |    58 |   215 |   384 |   260 ||   917
       Constrict         |    18 |    42 |    52 |     8 ||   120
       Tentacles         |     9 |    24 |    44 |     6 ||    83
       Punch             |       |     8 |    12 |     3 ||    23
 Fire: Blowgun           |       |       |       |    75 ||    75
 Cast: Spider Form       |     1 |     9 |    30 |    17 ||    57
       Sticks to Snakes  |       |       |     5 |       ||     5
       Ice Form          |       |       |       |     8 ||     8
 Abil: End Transformatio |       |       |       |     1 ||     1
Evoke: Wand              |       |       |     3 |       ||     3
  Use: Scroll            |     6 |     3 |     7 |     2 ||    18
       Potion            |       |     1 |     2 |     8 ||    11
 Stab: Sleeping          |     4 |     6 |    10 |       ||    20
  Eat: Chunk             |     1 |     9 |    16 |     4 ||    30
       Ration            |       |       |     3 |     3 ||     6
Armor: Skin              |     5 |     5 |    27 |    19 ||    56
Dodge: Dodged            |    38 |   101 |   242 |   198 ||   579
Block: Other             |     3 |    25 |    66 |    66 ||   160
       Reflection        |       |       |     2 |       ||     2

Table legend:
 A = Spawn XP
 B = Non-spawn XP
 C = Spawn XP percentage of total XP
 D = Spawn monster count
 E = Non-spawn monster count
 F = Spawn count percentage of total count
 G = Total turns spent on level
                    A         B        C        D         E        F      G
               +---------+---------+-------+---------+---------+-------+---------
         Total |       0 |   17711 |   0.0 |       0 |     292 |   0.0 | 13622
               +---------+---------+-------+---------+---------+-------+---------
           D:1 |       0 |      34 |   0.0 |       0 |      18 |   0.0 |  1349
           D:2 |       0 |     126 |   0.0 |       0 |      27 |   0.0 |   720
           D:3 |       0 |     218 |   0.0 |       0 |      39 |   0.0 |   999
           D:4 |       0 |     235 |   0.0 |       0 |      12 |   0.0 |   883
           D:5 |       0 |     193 |   0.0 |       0 |      15 |   0.0 |  1481
           D:6 |       0 |     807 |   0.0 |       0 |      24 |   0.0 |  1384
           D:7 |       0 |    1071 |   0.0 |       0 |      19 |   0.0 |   989
           D:8 |       0 |    3402 |   0.0 |       0 |      27 |   0.0 |  2326
           D:9 |       0 |    2938 |   0.0 |       0 |      19 |   0.0 |   625
          D:10 |       0 |    5200 |   0.0 |       0 |      61 |   0.0 |  1686
          D:11 |       0 |    2259 |   0.0 |       0 |      14 |   0.0 |   203
           Lab |       0 |    1078 |   0.0 |       0 |       1 |   0.0 |   380
       Ossuary |       0 |     150 |   0.0 |       0 |      16 |   0.0 |   496
               +---------+---------+-------+---------+---------+-------+---------
